 Dungeon Crawl Stone Soup version 0.14-a0-629-g748cab2 (webtiles) character file.

1163 PolkaDot the Jinx (level 7, -4/46 HPs)
             Began as a Vampire Enchanter on Nov 5, 2013.
             Slain by Prince Ribbit (12 damage)
             ... on Level 5 of the Dungeon.
             The game lasted 00:19:15 (4270 turns).

PolkaDot the Jinx (Vampire Enchanter)               Turns: 4270, Time: 00:19:16

HP  -4/46        AC  3     Str  7      XL: 7   Next: 93%
MP  15/26        EV 12     Int 19      God:
Gold 198         SH  0     Dex 14      Spells:  5 memorised,  0 levels left

Res.Fire  : . . .   See Invis. : +   m - +2 dagger (venom)
Res.Cold  : . . .   Warding    : .   b - +1 robe
Life Prot.: . . .   Conserve   : .   (no shield)
Res.Poison: .       Res.Corr.  : .   (no helmet)
Res.Elec. : .       Clarity    : .   (no cloak)
Sust.Abil.: . .     Spirit.Shd : .   (no gloves)
Res.Mut.  : .       Stasis     : .   (no boots)
Res.Rott. : .       Flight     : .   (no amulet)
Saprovore : . . .                    (no ring)
                                     t - ring of magical power

@: regenerating quickly, very slightly contaminated, slowed, very slow, slightly
resistant to hostile enchantments, stealthy
A: bottle blood, fangs 3, see invisible, unbreathing
a: Bottle Blood


You were on level 5 of the Dungeon.
You were full.

You visited 1 branch of the dungeon, and saw 5 of its levels.

You collected 198 gold pieces.

Inventory:

Hand weapons
 m - a +2,+2 dagger of venom (weapon)
Missiles
 d - 12 darts (quivered)
Armour
 b - a +1 robe (worn)
 q - a +0 elven buckler
Magical devices
 s - a wand of paralysis (16) {unknown}
 y - a wand of magic darts (5) {unknown}
 B - a wand of cold (7) {unknown}
 C - a wand of polymorph (0) {unknown}
Scrolls
 e - a scroll of blinking {unknown}
 f - 2 scrolls of enchant weapon I {unknown}
 g - 5 scrolls of identify
 h - 3 scrolls of remove curse
 i - 2 scrolls of enchant armour {unknown}
 k - a scroll of fog {unknown}
 n - 2 scrolls of amnesia {unknown}
 o - a scroll of curse weapon {unknown}
 p - 2 scrolls of fear {unknown}
 v - a scroll of curse armour {unknown}
 w - a scroll of teleportation {unknown}
 z - a scroll of noise {unknown}
Jewellery
 t - a ring of magical power (left hand)
Potions
 a - a potion of mutation
 j - 3 potions of curing
 l - 4 potions of brilliance
 r - 2 potions of restore abilities
 u - a potion of agility
 x - a potion of poison {unknown}
 A - 2 potions of heal wounds {unknown}
Books
 c - a book of Maledictions

   Spells                             Type                      Level
   *Corona                            Hexes                        1
   *Sure Blade                        Hexes/Charms                 2
   *Ensorcelled Hibernation           Hexes/Ice                    2
   *Confuse                           Hexes                        3
   Enslavement                        Hexes                        4
   *Invisibility                      Hexes                        6


   Skills:
 - Level 3.1 Short Blades
 - Level 0.7 Throwing
 - Level 2.1 Dodging
 - Level 3.0 Stealth
 + Level 4.2 Spellcasting
 * Level 11.2 Hexes


You couldn't memorise any spells.
You knew the following spells:

 Your Spells              Type           Power        Failure   Level  Hunger
A - Corona                Hex            #####..      1%          1    None
B - Sure Blade            Hex/Chrm       ####......   1%          2    #......
C - Confuse               Hex            #####...     1%          3    ###....
D - Ensorcelled Hibernat  Hex/Ice        ####..       1%          2    #......
I - Invisibility          Hex            #####...     24%         6    #######


Dungeon Overview and Level Annotations

Branches:
Dungeon (5/27)
 Temple: D:4-7

Altars:
Kikubaaqudgha
Vehumet
Yredelemnul

Shops:
D:5 +

Annotations:
D:5 Prince Ribbit


Innate Abilities, Weirdness & Mutations

Your natural rate of healing is unusually fast.
You can bottle blood from corpses.
You have razor-sharp teeth.*
You have supernaturally acute eyesight.
You can survive without breathing.*


Message History

Press: ? - help, Shift-Dir - straight line, f - Prince Ribbit
Aim: Prince Ribbit (moderately wounded) Prince Ribbit struggles to resist.
Casting: Ensorcelled Hibernation
Confirm with . or Enter, or press ? or * to list all spells.
Aiming: Ensorcelled Hibernation
Press: ? - help, Shift-Dir - straight line, f/p - Prince Ribbit
Aim: Prince Ribbit (moderately wounded) Prince Ribbit resists.
Casting: Ensorcelled Hibernation
Confirm with . or Enter, or press ? or * to list all spells.
Aiming: Ensorcelled Hibernation
Press: ? - help, Shift-Dir - straight line, f/p - Prince Ribbit
Aim: Prince Ribbit (moderately wounded) Prince Ribbit looks drowsy...
Prince Ribbit gives a loud, deep croak!
Prince Ribbit hits you!
* * * LOW HITPOINT WARNING * * *
Prince Ribbit hits you!
You die...

#.# #.#.#.......#
#.# #.#.#..####.#
#####.#
#.#.#.......#
##....>#
#.#.##.########
#...##.#
#.#.##........#
#...##.#
#.#.#########.#
#...##.# #.#.# #.#
#...##.### #.#.# #.#
.........# #@#.# #.#
##+#.....#######F..#
#.#
...#.....+.......###
####.####
####.....#######.#
#.......# # #.....#
#.# #.####### #
#.....# #.# #.#
####.#+### #.# #.#
.....#.# #.# #.#
.....#.# #.# ###.#


You could see Prince Ribbit.

Vanquished Creatures
  Eustachio (D:5)
  Edmund (D:5)
  2 ogres (D:4)
  A centaur (D:5)
  A crimson imp (D:5)
  A hound (D:4)
  An iguana (D:4)
  5 worker ants
  Ijyb (D:2)
  Jessica (D:2)
  A worker ant zombie (D:5)
  A gnoll (D:1)
  7 adders
  2 giant mites
  3 worms (D:2)
  A scorpion zombie (D:5)
  An adder zombie (D:4)
  An adder skeleton (D:4)
  A giant eyeball (D:4)
  3 oozes
  4 orcs
  8 bats
  8 hobgoblins
  6 kobolds
  5 quokkas
  3 ball pythons
  4 giant cockroaches
  4 giant geckos
  A giant gecko skeleton (D:4)
  9 giant newts
  10 goblins
  A hobgoblin zombie (D:5)
  3 jackals (D:5)
  6 rats
  A rat skeleton (D:4)
  A spectral orc (D:4)
110 creatures vanquished.

Vanquished Creatures (others)
  A human (D:2)
1 creature vanquished.

Grand Total: 111 creatures vanquished

Notes
Turn   | Place    | Note
--------------------------------------------------------------
     0 | D:1      | PolkaDot, the Vampire Enchanter, began the quest for the Orb.
     0 | D:1      | Reached XP level 1. HP: 13/13 MP: 4/4
   350 | D:1      | Reached XP level 2. HP: 7/19 MP: 5/5
   421 | D:1      | Reached skill level 5 in Hexes
   466 | D:1      | Reached XP level 3. HP: 17/24 MP: 4/6
   787 | D:2      | Noticed Ijyb
   814 | D:1      | Learned a level 3 spell: Confuse
   828 | D:2      | Killed Ijyb
   949 | D:2      | Reached XP level 4. HP: 30/30 MP: 8/8
   957 | D:2      | Found an ancient bone altar of Kikubaaqudgha.
   957 | D:2      | Noticed a human
   960 | D:2      | Killed a human
   971 | D:2      | Noticed Jessica
   982 | D:2      | Killed Jessica
   982 | D:2      | Reached skill level 6 in Hexes
  1721 | D:3      | Reached XP level 5. HP: 25/35 MP: 8/10
  1757 | D:3      | Reached skill level 7 in Hexes
  2458 | D:4      | Paralysed by a giant eyeball for 4 turns
  2515 | D:4      | Reached skill level 8 in Hexes
  2515 | D:4      | Reached XP level 6. HP: 10/41 MP: 12/12
  2690 | D:4      | Learned a level 6 spell: Invisibility
  2762 | D:4      | Found a basalt altar of Yredelemnul.
  2810 | D:4      | Found a radiant altar of Vehumet.
  2830 | D:4      | Noticed an ogre
  2850 | D:4      | Killed an ogre
  3301 | D:4      | Reached skill level 9 in Hexes
  3413 | D:4      | Reached XP level 7. HP: 34/46 MP: 15/15
  3421 | D:4      | Learned a level 2 spell: Sure Blade
  3633 | D:5      | Entered Level 5 of the Dungeon
  3778 | D:5      | Noticed Eustachio
  3795 | D:5      | Killed Eustachio
  3795 | D:5      | Reached skill level 10 in Hexes
  3970 | D:5      | Noticed Edmund
  3990 | D:5      | Killed Edmund
  4005 | D:5      | Found Gap Odaoti's Book Shop.
  4011 | D:5      | Reached skill level 11 in Hexes
  4038 | D:5      | Learned a level 2 spell: Ensorcelled Hibernation
  4181 | D:5      | Noticed Prince Ribbit
  4270 | D:5      | Slain by Prince Ribbit

Action                   |  1- 3 |  4- 6 |  7- 9 || total
-------------------------+-------+-------+-------++-------
Melee: Dagger            |    91 |   250 |    71 ||   412
 Cast: Corona            |     4 |       |     1 ||     5
       Confuse           |     3 |    11 |    13 ||    27
       Ensorcelled Hiber |       |       |     5 ||     5
       Sure Blade        |       |       |     2 ||     2
  Use: Potion            |     2 |       |     1 ||     3
       Scroll            |       |     4 |       ||     4
 Stab: Sleeping          |     4 |     7 |     6 ||    17
       Distracted        |     1 |       |       ||     1
       Confused          |     3 |     3 |    10 ||    16
